[Event "Titled Tuesday Blitz December 7 2021"]
[White "Vidit, Santosh Gujrathi"]
[Black "Orlov, Georgi"]
[WhiteFideId "5029465"]
[BlackFideId "2011271"]
[WhiteElo "3014"]
[BlackElo "2499"]
[Result "1-0"]
[Round "01"]
[TimeControl "180+1"]
[Date "2021.12.07"]
[WhiteClock "0:00:13"]
[BlackClock "0:00:08"]

1. Nf3 Nf6 2. c4 e6 3. g3 a6 4. d4 c5 5. d5 b5 6. Bg2 exd5 7. cxd5 d6 8. O-O Be7 9. Re1 O-O 10. e4 Nbd7 11. a4 Bb7 12. Bf4 Nh5 13. Be3 Nb6 14. b3 bxa4 15. bxa4 Nc4 16. Nbd2 Nxe3 17. Rxe3 a5 18. Rb1 Ba6 19. Bf1 Bxf1 20. Qxf1 Nf6 21. Rb5 Ng4 22. Reb3 Bf6 23. Nc4 Re8 24. Qd3 Qe7 25. h3 Ne5 26. Nfxe5 Bxe5 27. Rb7 Qf6 28. Kg2 Bd4 29. f3 h5 30. R3b6 Red8 31. h4 g5 32. hxg5 Qxg5 33. Qd2 Qf6 34. Qf4 Qxf4 35. gxf4 Kh8 36. Nxd6 Rg8+ 37. Kh3 Rg1 38. Nxf7+ Kg8 39. Nh6+ Kh8 40. Nf5 Bf2 41. Rh6+ Kg8 42. d6 c4 43. Rc7 Rd8 44. Rxc4 1-0


[Site "https://www.chess.com"]

[Event "Titled Tuesday Blitz December 7 2021"]
[White "Willow, Jonah B"]
[Black "Sokolin, Leonid"]
[WhiteFideId "438804"]
[BlackFideId "2009161"]
[WhiteElo "2890"]
[BlackElo "2469"]
[Result "1/2-1/2"]
[Round "01"]
[TimeControl "180+1"]
[Date "2021.12.07"]
[WhiteClock "0:00:05"]
[BlackClock "0:00:29"]

1. e4 c5 2. Nf3 Nc6 3. Nc3 e6 4. d4 cxd4 5. Nxd4 a6 6. g3 Nge7 7. Nb3 b5 8. Bg2 Bb7 9. O-O d6 10. Be3 Ne5 11. Nd2 h5 12. h3 Rc8 13. f4 Nc4 14. Nxc4 Rxc4 15. Qd3 Qc7 16. a3 d5 17. exd5 Nf5 18. Bf2 Bc5 19. dxe6 Bxg2 20. exf7+ Qxf7 21. Rfe1+ Be7 22. Kxg2 g5 23. Re5 O-O 24. b3 Rc6 25. Rae1 gxf4 26. Nd5 Bd8 27. Nxf4 Bc7 28. R5e4 h4 29. Qd5 Rxc2 30. Qxf7+ Rxf7 31. R1e2 Rc3 32. g4 Ng3 33. Bxg3 Rxg3+ 34. Kf1 Bxf4 35. Re8+ Kg7 36. R8e7 Rxb3 37. Rxf7+ Kxf7 38. Rf2 Rxh3 39. Rxf4+ Ke6 40. Re4+ Kd5 41. Rf4 Rxa3 42. Rf5+ Ke4 43. Rh5 Kf3 44. Ke1 Kxg4 45. Rh6 h3 46. Kf2 Ra2+ 47. Kg1 h2+ 48. Kh1 b4 49. Rg6+ Kf4 50. Rf6+ Ke5 51. Rf2 b3 52. Re2+ Kd5 53. Re5+ Kc6 54. Rc5+ Kb6 55. Rb5+ Ka7 56. Rb7+ Kxb7 1/2-1/2


[Site "https://www.chess.com"]

[Event "Titled Tuesday Blitz December 7 2021"]
[White "Xiong, Jeffery"]
[Black "Issani, Nameer"]
[WhiteFideId "2047640"]
[BlackFideId "2619130"]
[WhiteElo "3042"]
[BlackElo "2505"]
[Result "1-0"]
[Round "01"]
[TimeControl "180+1"]
[Date "2021.12.07"]
[WhiteClock "0:01:22"]
[BlackClock "0:00:38"]

1. d4 Nf6 2. c4 e6 3. Nc3 Bb4 4. Nf3 O-O 5. Bg5 h6 6. Bh4 d5 7. e3 Nbd7 8. Rc1 c6 9. Bd3 Re8 10. O-O Bd6 11. a3 g5 12. Bg3 Bxg3 13. hxg3 e5 14. Be2 e4 15. Nd2 Nb6 16. cxd5 cxd5 17. Nb3 a6 18. Nc5 Qe7 19. Qb3 Qd6 20. Rc2 h5 21. Qb4 h4 22. Nxa6 Qd8 23. Nc5 Ng4 24. Nxb7 Qf6 25. Nd6 Re6 26. Nxc8 hxg3 27. Bxg4 1-0


[Site "https://www.chess.com"]

[Event "Titled Tuesday Blitz December 7 2021"]
[White "Yakimova, Mariya"]
[Black "Terry, Renato"]
[WhiteFideId "34188859"]
[BlackFideId "3803457"]
[WhiteElo "2480"]
[BlackElo "2933"]
[Result "0-1"]
[Round "01"]
[TimeControl "180+1"]
[Date "2021.12.07"]
[WhiteClock "0:00:49"]
[BlackClock "0:02:03"]

1. d4 Nf6 2. c4 b6 3. Nc3 Bb7 4. d5 e5 5. e4 Bb4 6. Qc2 Bxc3+ 7. Qxc3 Na6 8. Qxe5+ Kf8 9. Nf3 Nc5 10. Bg5 Ncxe4 11. Bd3 Nxg5 12. Nxg5 Qe8 13. Qxe8+ Rxe8+ 14. Kd2 c6 15. d6 h6 16. Nf3 Re6 17. Bf5 Rxd6+ 18. Kc2 c5 19. Rad1 Rxd1 20. Rxd1 Bxf3 21. gxf3 Ke7 22. Re1+ Kd8 23. a3 Re8 24. Rxe8+ Kxe8 25. b4 g6 26. Bd3 d6 27. b5 Ke7 28. a4 Ke6 0-1


[Site "https://www.chess.com"]

[Event "Titled Tuesday Blitz December 7 2021"]
[White "Yakubboev, Nodirbek"]
[Black "Pourkashiyan, Atousa"]
[WhiteFideId "14203987"]
[BlackFideId "12502014"]
[WhiteElo "2972"]
[BlackElo "2488"]
[Result "1-0"]
[Round "01"]
[TimeControl "180+1"]
[Date "2021.12.07"]
[WhiteClock "0:00:03"]
[BlackClock "0:00:08"]

1. e4 e5 2. Nf3 Nf6 3. Nxe5 d6 4. Nc4 Nxe4 5. Qe2 Qe7 6. Ne3 Be6 7. b3 Nc6 8. Bb2 O-O-O 9. g3 d5 10. Bg2 Qd7 11. d3 Nf6 12. Nd2 Bc5 13. O-O-O Rhe8 14. Qf1 Qd6 15. Kb1 Ba3 16. Ba1 Qb4 17. d4 Qa5 18. c3 Bf8 19. h3 Qb6 20. Qd3 a5 21. Bb2 a4 22. b4 Na7 23. a3 Nb5 24. Rhe1 Nd6 25. g4 Nfe4 26. Nxe4 Nxe4 27. Qc2 Nd6 28. Nxd5 Qb5 29. Rxe6 Rxe6 30. Ne3 Nc4 31. Bc1 Rde8 32. Bf1 Nxe3 33. fxe3 Qd7 34. Bd3 g6 35. e4 Bg7 36. Rf1 f6 37. Bd2 Kb8 38. Re1 Bh6 39. Bxh6 g5 40. Bc4 Rc6 41. Bb5 Qf7 42. Bxc6 bxc6 43. Qxa4 Qg6 44. Qxc6 Rd8 45. Rf1 Qxh6 46. Rxf6 Qg7 47. Qb5+ Kc8 48. Ra6 1-0


[Site "https://www.chess.com"]

[Event "Titled Tuesday Blitz December 7 2021"]
[White "Yeremyan, Alen"]
[Black "Abdilkhair, Abilmansur"]
[WhiteFideId "13308998"]
[BlackFideId "13716417"]
[WhiteElo "2734"]
[BlackElo "2417"]
[Result "0-1"]
[Round "01"]
[TimeControl "180+1"]
[Date "2021.12.07"]
[WhiteClock "0:00:33"]
[BlackClock "0:00:08"]

1. e4 c6 2. Nc3 d5 3. Qe2 dxe4 4. Nxe4 g6 5. g3 Bg7 6. Bg2 Nf6 7. d3 O-O 8. Nf3 Nxe4 9. dxe4 Qa5+ 10. c3 Bxc3+ 11. bxc3 Qxc3+ 12. Qd2 Qxa1 13. O-O Qg7 14. Bb2 f6 15. e5 Nd7 16. Re1 Nb6 17. Qc2 Be6 18. exf6 exf6 19. Rxe6 Rae8 20. Nd4 Qf7 21. Bh3 Nd5 22. Qe2 f5 23. Qe5 Nf6 24. Bf1 Rxe6 25. Nxe6 Re8 26. Bc4 b5 27. Bb3 c5 28. Bd5 c4 29. Qxf6 Qxf6 30. Bxf6 Kf7 31. Bc3 Rxe6 32. f4 Ke7 33. a3 Rd6 34. Bb4 Kd7 35. Bf3 Rd3 36. Kf2 Rb3 37. Be2 a5 38. Bf8 Rb2 39. Ke3 Kc6 40. Bf3+ Kb6 41. Be7 b4 42. axb4 axb4 43. Kd4 c3 44. Kd3 Rd2+ 45. Ke3 Kb5 46. Be2+ Ka4 47. Bf6 Kb3 48. Bd4 Rxd4 0-1


[Site "https://www.chess.com"]

[Event "Titled Tuesday Blitz December 7 2021"]
[White "Yi, Richard"]
[Black "Djordjevic, Vuk"]
[WhiteFideId "2079518"]
[BlackFideId "902098"]
[WhiteElo "2456"]
[BlackElo "2814"]
[Result "0-1"]
[Round "01"]
[TimeControl "180+1"]
[Date "2021.12.07"]
[WhiteClock "0:00:01"]
[BlackClock "0:00:04"]

1. d4 Nf6 2. c4 e6 3. Nc3 Bb4 4. Qc2 O-O 5. Nf3 c5 6. dxc5 Na6 7. g3 Nxc5 8. Bg2 Nfe4 9. O-O Bxc3 10. bxc3 f5 11. Nd4 b6 12. Rd1 Bb7 13. Nb5 a6 14. Nd6 Nxd6 15. Rxd6 Bxg2 16. Kxg2 Qc7 17. Bf4 Ne4 18. Rxe6 Qxc4 19. Rxb6 Nxc3 20. Rc1 Rac8 21. Rb3 Qd5+ 22. f3 Nb5 23. Qxc8 Rxc8 24. Rxc8+ Kf7 25. Kf2 Qe6 26. Rc5 Nd4 27. Rb2 h6 28. h4 Nc6 29. Rd2 Ne7 30. Bd6 Nc6 31. Bc7 g6 32. Rcd5 Ke7 33. Rd6 Qc4 34. Rxd7+ Ke8 35. R7d6 Qc5+ 36. Kg2 Kf7 37. Rd7+ Ke8 38. Rg7 Qc3 39. Rgd7 Qc4 40. Bb6 Qc3 41. Kf2 Qb4 42. Be3 g5 43. hxg5 hxg5 44. Bxg5 Qc5+ 45. Be3 Qc4 46. R7d5 Kf7 47. Rxf5+ Ke6 48. Rf4 Qc3 49. Re4+ Kf7 50. Rd3 Qc2 51. Rf4+ Ke6 52. Re4+ Kf7 53. a3 Qb2 54. Rd7+ Kg6 55. Rd6+ Kf5 56. Rxc6 Qxa3 57. Rc5+ Kf6 58. Rh4 Kg6 59. Rh6+ Kg7 60. Rd6 Kf8 61. Rcc6 Ke7 62. Bc5 Qa1 63. Re6+ Kd7 64. Rcd6+ Kc7 65. Re7+ Kc8 66. Rf6 Qxf6 67. Re3 Qc6 68. Be7 Kd7 69. Bg5 a5 70. Rd3+ Ke6 71. Bf4 Qc5+ 72. Re3+ Kf5 73. Kg2 Kg6 74. Re5 Qb4 75. Re6+ Kf7 76. Re4 Qb5 77. Kf2 a4 78. Be3 a3 79. Rf4+ Ke6 80. Re4+ Kf7 81. Bd4 a2 82. Rf4+ Ke6 83. g4 Qd5 84. Re4+ Kf7 85. Ba1 Qd1 86. Rf4+ Kg6 87. Bc3 Qc1 88. Be5 Qxf4 0-1


[Site "https://www.chess.com"]

[Event "Titled Tuesday Blitz December 7 2021"]
[White "Yoo, Christopher Woojin"]
[Black "Najdin, Danil"]
[WhiteFideId "30909694"]
[BlackFideId "4172426"]
[WhiteElo "2957"]
[BlackElo "2484"]
[Result "1-0"]
[Round "01"]
[TimeControl "180+1"]
[Date "2021.12.07"]
[WhiteClock "0:00:23"]
[BlackClock "0:00:53"]

1. e4 e5 2. Nf3 Nc6 3. Bb5 a6 4. Ba4 Nf6 5. d4 exd4 6. O-O b5 7. Bb3 d6 8. Ng5 Ne5 9. f4 Nc4 10. e5 Nd5 11. Qxd4 Bb7 12. e6 fxe6 13. Nxe6 Qd7 14. Re1 Kf7 15. f5 c5 16. Qh4 Nf6 17. Nc3 Be7 18. Qg3 Rhg8 19. Ng5+ Kf8 20. Bf4 Qxf5 21. Bxc4 bxc4 22. Bxd6 Re8 23. Bxe7+ Rxe7 24. Qb8+ Re8 25. Rxe8+ 1-0


[Site "https://www.chess.com"]

[Event "Titled Tuesday Blitz December 7 2021"]
[White "Zarubitski, Viachaslau"]
[Black "Vusatiuk, Vladimir"]
[WhiteFideId "13509373"]
[BlackFideId "14118610"]
[WhiteElo "2718"]
[BlackElo "2405"]
[Result "1/2-1/2"]
[Round "01"]
[TimeControl "180+1"]
[Date "2021.12.07"]
[WhiteClock "0:00:03"]
[BlackClock "0:00:05"]

1. Nf3 d5 2. g3 Nf6 3. Bg2 e6 4. O-O c5 5. d3 g6 6. Nbd2 Bg7 7. e4 O-O 8. Re1 Nc6 9. c3 a6 10. e5 Nd7 11. d4 cxd4 12. cxd4 f6 13. exf6 Qxf6 14. Nb3 h6 15. h4 a5 16. a4 Nb6 17. Bf4 Nc4 18. Qc1 Kh7 19. Qc2 Nb4 20. Qe2 b6 21. Rac1 Re8 22. Rc3 Ba6 23. Bf1 Rac8 24. Ne5 Nxe5 25. Qxe5 Bxf1 26. Qxf6 Bxf6 27. Rxc8 Rxc8 28. Rxe6 Bc4 29. Rxf6 Bxb3 30. Rxb6 Kg8 31. Rxg6+ Kf7 32. Rxh6 Nd3 33. Be3 Rc2 34. h5 Rxb2 35. Ra6 Rb1+ 36. Kg2 Ne1+ 37. Kh3 Bc2 38. Kg4 Ng2 39. Bg5 Bd1+ 40. Kf5 Rb3 41. f4 Ne3+ 42. Ke5 Bxh5 43. Ra7+ Kg6 44. Ra6+ Kf7 45. Rxa5 Bf3 46. f5 Ng4+ 47. Kf4 Bd1 48. Ra7+ Kg8 49. f6 Rf3+ 50. Kxg4 Rxf6+ 51. Kh4 Rf1 52. Bf4 Rh1+ 53. Kg5 Bc2 54. Kf6 Ra1 55. a5 Rf1 56. Ke5 Re1+ 57. Kxd5 Be4+ 58. Ke5 Bf3+ 59. Kf6 Rd1 60. Be5 Rf1 61. Kg5 Be4 62. Rc7 Rf5+ 63. Kg4 Rf1 64. Rc8+ Kf7 65. Rc7+ Ke6 66. Kg5 Rg1 67. a6 Ra1 68. a7 Ra3 69. Rg7 Kd5 70. Kf6 Ra6+ 71. Kg5 Ra1 72. Rd7+ Ke6 73. Rc7 Kd5 74. Rd7+ Ke6 75. Rd6+ Ke7 76. Rb6 Rxa7 77. Kh6 Ra8 78. g4 Ra1 79. g5 Rg1 80. Ra6 Rh1+ 81. Kg7 Rg1 82. Bf6+ Kd7 83. Kf7 Bd5+ 84. Kf8 Be4 85. Ra7+ Ke6 86. Ra6+ Kf5 87. Kg7 Rh1 88. Rd6 Rd1 89. g6 Rg1 90. Be5 Bc2 91. Kf7 Bb3+ 92. Kg7 Rh1 93. Rf6+ Kg5 94. Kf8 Rh8+ 95. Ke7 Ra8 96. g7 Ra7+ 97. Kf8 Ra8+ 98. Ke7 Ra7+ 99. Kf8 Ra8+ 100. Ke7 1/2-1/2


[Site "https://www.chess.com"]

[Event "Titled Tuesday Blitz December 7 2021"]
[White "Zierk, Steven"]
[Black "Zia, Tahsin Tajwar"]
[WhiteFideId "2034255"]
[BlackFideId "10211888"]
[WhiteElo "2879"]
[BlackElo "2467"]
[Result "1-0"]
[Round "01"]
[TimeControl "180+1"]
[Date "2021.12.07"]
[WhiteClock "0:01:40"]
[BlackClock "0:01:31"]

1. b3 Nf6 2. Bb2 e6 3. Nf3 Be7 4. g4 O-O 5. g5 Ne8 6. h4 d6 7. e3 e5 8. Rg1 Nc6 9. d4 exd4 10. Nxd4 Nxd4 11. Qxd4 c5 12. Qf4 d5 13. Nd2 Bd6 14. Qf3 Be6 15. O-O-O Qa5 16. Kb1 b5 17. e4 d4 18. e5 Bxe5 19. Qxa8 c4 20. bxc4 Nd6 21. Nb3 Qb4 22. Qxa7 Nxc4 23. Qc5 Qa4 24. Bxc4 bxc4 25. Qxe5 cxb3 26. cxb3 Bxb3 27. axb3 Qxb3 1-0


[Site "https://www.chess.com"]

[Event "Titled Tuesday Blitz December 7 2021"]
[White "Abdilkhair, Abilmansur"]
[Black "Rozman, Levy"]
[WhiteFideId "13716417"]
[BlackFideId "2039877"]
[WhiteElo "2063"]
[BlackElo "2376"]
[Result "0-1"]
[Round "02"]
[TimeControl "180+1"]
[Date "2021.12.07"]
[WhiteClock "0:00:03"]
[BlackClock "0:00:05"]

1. e4 c6 2. d4 d5 3. Nc3 a6 4. e5 Bf5 5. g4 Bg6 6. Nge2 e6 7. Nf4 Qh4 8. Ng2 Qd8 9. Nf4 Ne7 10. Bg2 c5 11. dxc5 Nbc6 12. Nd3 h5 13. g5 h4 14. h3 Nf5 15. O-O Be7 16. f4 Ng3 17. Re1 Bxd3 18. cxd3 Bxc5+ 19. Kh2 g6 20. Bd2 Bf2 21. Rc1 Rc8 22. Qb3 Bxe1 23. Bxe1 b5 24. Bf2 Qe7 25. a4 b4 26. Nxd5 exd5 27. Qxd5 Na7 28. Rxc8+ Nxc8 29. Bc5 Qd7 30. Qa8 Kd8 31. Bb6+ Ke7 32. Bc5+ Kd8 33. Bb6+ Ke7 34. Bc5+ Ke6 35. Qxa6+ Nd6 36. Bxd6 Kf5 37. Qc4 Rc8 38. Be4+ Nxe4 39. Qxe4+ Ke6 40. d4 Qc6 41. Qxc6 Rxc6 42. Bc5 Kd5 43. Kg2 b3 44. Kf3 Ra6 45. Ke3 Rxa4 46. Kd3 Rc4 0-1


[Site "https://www.chess.com"]

[Event "Titled Tuesday Blitz December 7 2021"]
[White "Aldokhin, Ivan"]
[Black "Maly, Alexey"]
[WhiteFideId "24115720"]
[BlackFideId "14103184"]
[WhiteElo "2231"]
[BlackElo "2294"]
[Result "0-1"]
[Round "02"]
[TimeControl "180+1"]
[Date "2021.12.07"]
[WhiteClock "0:00:06"]
[BlackClock "0:00:05"]

1. e4 c6 2. Nf3 d5 3. Nc3 Bg4 4. Be2 dxe4 5. Nxe4 Nd7 6. d4 Ngf6 7. Neg5 e6 8. Nxf7 Kxf7 9. Ng5+ Ke8 10. Bxg4 Nxg4 11. Qxg4 Nf6 12. Qxe6+ Qe7 13. O-O Qxe6 14. Nxe6 Kf7 15. Ng5+ Kg6 16. f4 Kf5 17. Bd2 h6 18. Nf3 Bd6 19. h3 h5 20. Nh4+ Ke6 21. Rae1+ Kd7 22. Nf5 Bf8 23. c4 Rd8 24. Bc3 h4 25. Re5 g6 26. Ne3 Bd6 27. Ra5 Rhe8 28. Ng4 Nxg4 29. hxg4 Re4 30. Rxa7 Bxf4 31. Rxb7+ Kc8 32. Rg7 g5 33. Rd1 c5 34. d5 Rxc4 35. Re1 Rxd5 36. Re8+ Rd8 37. Rxd8+ Kxd8 38. Bf6+ Ke8 39. Bxg5 Bg3 40. Re7+ Kf8 41. Re2 Rd4 42. Bd2 Kg7 43. Kf1 Kg6 44. Be1 Rd1 45. Re4 Kg5 46. a4 Ra1 47. b3 Kf6 48. Re3 Kg5 49. Re2 Kxg4 50. Re4+ Kf5 51. Re3 Kf4 52. Re8 Kf5 53. a5 Kf6 54. Rf8+ Ke7 55. Ke2 Rxe1+ 56. Kd3 Kxf8 57. Kc4 Ra1 58. Kb5 Ke7 59. a6 Bb8 0-1


[Site "https://www.chess.com"]

[Event "Titled Tuesday Blitz December 7 2021"]
[White "Alinasab, Mobina"]
[Black "Jobava, Baadur"]
[WhiteFideId "12528897"]
[BlackFideId "13601520"]
[WhiteElo "2061"]
[BlackElo "2689"]
[Result "0-1"]
[Round "02"]
[TimeControl "180+1"]
[Date "2021.12.07"]
[WhiteClock "0:00:08"]
[BlackClock "0:02:06"]

1. e4 d6 2. d4 Nf6 3. Nc3 e5 4. dxe5 dxe5 5. Qxd8+ Kxd8 6. Bg5 c6 7. O-O-O Ke8 8. f3 Be6 9. Nge2 Nbd7 10. Be3 Bc5 11. Bxc5 Nxc5 12. Kb1 Ke7 13. Nc1 Rhd8 14. Nd3 Ncd7 15. Be2 Ne8 16. Rhe1 f6 17. b3 Nd6 18. Nb2 b5 19. Rd2 a5 20. a4 b4 21. Ncd1 Nb6 22. Kc1 Rd7 23. Ne3 Rad8 24. Red1 g6 25. Nd3 Nb7 26. Nb2 Rd4 27. Nec4 Bxc4 28. Bxc4 Nc5 29. Be2 Ne6 30. Bf1 h6 31. Nd3 Nd7 32. Nb2 Nb6 33. Nd3 R8d6 34. Nb2 f5 35. exf5 gxf5 36. Nd3 Kf6 37. Nf2 Nd5 38. Rxd4 Nxd4 39. Bc4 Ne3 40. Rg1 Nxc4 41. bxc4 Ne2+ 0-1


[Site "https://www.chess.com"]

[Event "Titled Tuesday Blitz December 7 2021"]
[White "Al-Tarboush, Ward"]
[Black "Sanal, Vahap"]
[WhiteFideId "7601450"]
[BlackFideId "6300545"]
[WhiteElo "2276"]
[BlackElo "2499"]
[Result "0-1"]
[Round "02"]
[TimeControl "180+1"]
[Date "2021.12.07"]
[WhiteClock "0:00:04"]
[BlackClock "0:00:14"]

1. d4 Nf6 2. Nf3 d5 3. Nc3 e6 4. Bg5 Bb4 5. Qd3 h6 6. Bxf6 Qxf6 7. a3 Bd6 8. e4 Qd8 9. Be2 c6 10. O-O O-O 11. e5 Be7 12. b4 a5 13. Rab1 axb4 14. axb4 Na6 15. b5 Nc7 16. Rfd1 Bd7 17. Qd2 Ra3 18. Bf1 Qa8 19. b6 Na6 20. Ne2 c5 21. c3 Nb8 22. Ng3 Nc6 23. Nh5 Rc8 24. Qf4 Bf8 25. Qg4 Kh8 26. Qf4 Be8 27. c4 Ne7 28. Bd3 dxc4 29. Bxc4 cxd4 30. Bxe6 Ng6 31. Qg3 fxe6 32. Rxd4 Ra1 33. Rdd1 Rxb1 34. Rxb1 Qa3 35. h3 Ne7 36. Rd1 Nf5 37. Qg4 Rc1 38. Rxc1 Qxc1+ 39. Kh2 Qc5 40. Nf4 Qxb6 41. Ng6+ Bxg6 42. Qxg6 Kg8 43. g4 Qxf2+ 0-1


[Site "https://www.chess.com"]

[Event "Titled Tuesday Blitz December 7 2021"]
[White "Artemenko, Oleg"]
[Black "Xie, Bryan"]
[WhiteFideId "14201798"]
[BlackFideId "30941296"]
[WhiteElo "2287"]
[BlackElo "1899"]
[Result "1-0"]
[Round "02"]
[TimeControl "180+1"]
[Date "2021.12.07"]
[WhiteClock "0:02:17"]
[BlackClock "0:00:10"]

1. d4 Nf6 2. Nc3 d5 3. Bf4 Bf5 4. f3 e6 5. g4 Bg6 6. h4 h5 7. g5 Nfd7 8. e3 Nb6 9. Bd3 Bxd3 10. Qxd3 Bd6 11. Nh3 Bxf4 12. Nxf4 Qe7 13. g6 f6 14. O-O-O Nc6 15. e4 dxe4 16. Qxe4 e5 17. Nfd5 Nxd5 18. Nxd5 Qd6 19. dxe5 fxe5 20. Nb6 axb6 21. Rxd6 cxd6 22. Qd5 Kd7 23. Rd1 Nd4 24. c3 Ne2+ 25. Kb1 1-0


[Site "https://www.chess.com"]

[Event "Titled Tuesday Blitz December 7 2021"]
[White "Atabayev, Saparmyrat"]
[Black "Todorovic, Bojan"]
[WhiteFideId "14000571"]
[BlackFideId "917087"]
[WhiteElo "2483"]
[BlackElo "2266"]
[Result "1-0"]
[Round "02"]
[TimeControl "180+1"]
[Date "2021.12.07"]
[WhiteClock "0:02:20"]
[BlackClock "0:00:01"]

1. e4 c5 2. d4 cxd4 3. Nf3 e6 4. Nxd4 a6 5. Nc3 Qc7 6. g3 Nf6 7. Bg2 d6 8. O-O Be7 9. Qe2 O-O 10. Bd2 Nbd7 11. Rae1 Rb8 12. f4 b5 13. e5 b4 14. Nc6 bxc3 15. Nxe7+ Kh8 16. Bxc3 dxe5 17. Nc6 Rb5 18. Nxe5 Nxe5 19. Bxe5 Qb6+ 20. Kh1 Bb7 21. Bxf6 gxf6 22. b3 a5 23. c4 Rc5 24. Bxb7 Qxb7+ 25. Qg2 Qb4 26. Rd1 a4 27. Qf3 axb3 28. axb3 Rb8 29. Rd3 Ra5 30. Rfd1 Raa8 31. Qg4 Qc5 32. Qh4 Qf5 33. Re3 Ra2 34. Rde1 Rd8 35. Qh6 1-0


[Site "https://www.chess.com"]

[Event "Titled Tuesday Blitz December 7 2021"]
[White "Atakishiyev, Elmar"]
[Black "Rengifo Blancas, Renzo Jhonathan"]
[WhiteFideId "13410547"]
[BlackFideId "3807185"]
[WhiteElo "2088"]
[BlackElo "2058"]
[Result "1-0"]
[Round "02"]
[TimeControl "180+1"]
[Date "2021.12.07"]
[WhiteClock "0:00:34"]
[BlackClock "0:00:06"]

1. Nf3 Nf6 2. c4 c6 3. g3 d5 4. Bg2 Bf5 5. O-O e6 6. b3 h6 7. Bb2 Be7 8. d3 Bh7 9. Nbd2 O-O 10. a3 Nbd7 11. Rc1 a5 12. Qc2 Re8 13. Rfd1 Bf8 14. Qb1 e5 15. Qa1 Bd6 16. Nf1 Qb6 17. N1d2 e4 18. dxe4 dxe4 19. Nd4 e3 20. fxe3 Rxe3 21. Kh1 Rae8 22. c5 Bxc5 23. Nc4 Qc7 24. Nxe3 Rxe3 25. Rf1 Bxd4 26. Bxd4 Rxe2 27. Rce1 Rd2 28. Qc3 Ra2 29. Qc4 Rc2 30. Bc3 Bg6 31. Qd4 Nf8 32. Rxf6 gxf6 33. Qxf6 Rxc3 34. Qxc3 Ne6 35. Qf6 Qd6 36. Rf1 Qxa3 37. Qe5 Qxb3 38. Bh3 a4 39. Bf5 Qd5+ 40. Qxd5 cxd5 41. Bxg6 fxg6 42. Rb1 Nc5 43. Rb5 Nb3 44. Rxb7 d4 45. Kg2 d3 46. Kf3 d2 47. Kf2 Kf8 48. Ke2 Nd4+ 49. Kxd2 Nf3+ 50. Ke3 Nxh2 51. Kf4 Nf1 52. Rb2 g5+ 53. Kf3 a3 54. Rf2 g4+ 55. Kf4 Kg7 56. Rxf1 h5 57. Ra1 Kg6 58. Rxa3 h4 59. Ra6+ Kg7 60. gxh4 1-0


[Site "https://www.chess.com"]

[Event "Titled Tuesday Blitz December 7 2021"]
[White "Babazada, Khazar"]
[Black "Yurovskykh, Oleksandr"]
[WhiteFideId "13413554"]
[BlackFideId "14134020"]
[WhiteElo "2302"]
[BlackElo "2292"]
[Result "1-0"]
[Round "02"]
[TimeControl "180+1"]
[Date "2021.12.07"]
[WhiteClock "0:01:46"]
[BlackClock "0:00:13"]

1. e4 d5 2. exd5 Qxd5 3. Nc3 Qd8 4. Nf3 Bg4 5. Be2 e6 6. O-O Nf6 7. d4 c6 8. h3 Bh5 9. a4 a5 10. Ne5 Bxe2 11. Qxe2 Nbd7 12. Rd1 Be7 13. g4 O-O 14. g5 Nd5 15. Ne4 f6 16. gxf6 Bxf6 17. c4 Nb4 18. Qg4 Qe7 19. Bf4 Bxe5 20. dxe5 Nc5 21. Nf6+ Rxf6 22. exf6 Qxf6 23. Ra3 Rf8 24. Rg3 Ne4 25. Rg2 g6 26. Be3 Qf5 27. Rd7 Rf7 28. Rd8+ Rf8 29. Qh4 Rxd8 30. Qxd8+ Kg7 31. Rg4 e5 32. Qe7+ Kg8 33. Bh6 Qxf2+ 34. Kh1 Qf1+ 35. Kh2 Qf2+ 36. Rg2 Qf7 37. Qd8+ 1-0


[Site "https://www.chess.com"]

[Event "Titled Tuesday Blitz December 7 2021"]
[White "Barria Zuniga, Daniel"]
[Black "Svane, Rasmus"]
[WhiteFideId "3400816"]
[BlackFideId "4657101"]
[WhiteElo "2414"]
[BlackElo "2643"]
[Result "1-0"]
[Round "02"]
[TimeControl "180+1"]
[Date "2021.12.07"]
[WhiteClock "0:00:07"]
[BlackClock "0:00:07"]

1. c4 Nf6 2. g3 e6 3. Bg2 d5 4. Nf3 Be7 5. O-O O-O 6. b3 d4 7. e3 c5 8. exd4 cxd4 9. d3 Nc6 10. Na3 Re8 11. Nc2 a5 12. a3 e5 13. Re1 Nd7 14. Rb1 Rb8 15. b4 axb4 16. axb4 b5 17. c5 Bf8 18. Ng5 h6 19. Nxf7 Qf6 20. Qh5 Bb7 21. Bd5 Kh7 22. Bg5 g6 23. Qh4 Qg7 24. Nxh6 Qxh6 25. Bxh6 Bxh6 26. Ra1 Kg7 27. Bxc6 Bxc6 28. Ra7 g5 29. Qh3 e4 30. Rxd7+ Bxd7 31. Qxd7+ Kh8 32. Qxd4+ Bg7 33. Qd5 exd3 34. Rxe8+ Rxe8 35. Qxd3 Kg8 36. Kg2 Kf8 37. Qxb5 Rd8 38. Qc4 Rd2 39. Ne3 Bd4 40. Qe6 Re2 41. Qf5+ Ke8 42. Qf3 Rd2 43. Qe4+ Kd8 44. Ng4 Kc7 45. h3 Bc3 46. Qe7+ Kc6 47. Qe3 Rc2 48. Qe4+ Kb5 49. Qxc2 1-0


[Site "https://www.chess.com"]

[Event "Titled Tuesday Blitz December 7 2021"]
[White "Baskin, Robert"]
[Black "Zierk, Steven"]
[WhiteFideId "24662402"]
[BlackFideId "2034255"]
[WhiteElo "2488"]
[BlackElo "2494"]
[Result "1-0"]
[Round "02"]
[TimeControl "180+1"]
[Date "2021.12.07"]
[WhiteClock "0:00:02"]
[BlackClock "0:00:03"]

1. e4 e6 2. d4 d5 3. Nc3 Bb4 4. e5 c5 5. a3 Bxc3+ 6. bxc3 Qa5 7. Bd2 Qa4 8. Qb1 c4 9. Ne2 Nc6 10. Nf4 Bd7 11. Nh5 g6 12. Nf4 O-O-O 13. h4 f6 14. exf6 Nxf6 15. g3 e5 16. dxe5 Nxe5 17. Bg2 Bf5 18. Be3 Bxc2 19. Qb4 Nc6 20. Bh3+ Kb8 21. Qxa4 Bxa4 22. Ne6 Rc8 23. Nc5 Bc2 24. Bf4+ Ka8 25. Bxc8 Rxc8 26. Kd2 Bf5 27. f3 h5 28. Rhe1 d4 29. cxd4 Nxd4 30. Re5 Nxf3+ 31. Kc3 Nxe5 32. Bxe5 Rxc5 33. Bxf6 Bd3 34. Bd4 Rf5 35. Re1 b6 36. Re8+ Kb7 37. Re7+ Ka6 38. Re5 Rf3 39. Rg5 b5 40. Re5 Bf5+ 41. Kb4 Rb3+ 42. Kc5 c3 43. Re7 c2 44. Kd6 1-0


[Site "https://www.chess.com"]

[Event "Titled Tuesday Blitz December 7 2021"]
[White "Batsiashvili, Nino"]
[Black "Zarubitski, Viachaslau"]
[WhiteFideId "13602993"]
[BlackFideId "13509373"]
[WhiteElo "2294"]
[BlackElo "2325"]
[Result "0-1"]
[Round "02"]
[TimeControl "180+1"]
[Date "2021.12.07"]
[WhiteClock "0:01:48"]
[BlackClock "0:02:06"]

1. d4 d6 2. c4 Nd7 3. Nc3 e5 4. Nf3 Ngf6 5. e4 Be7 6. Be2 O-O 7. O-O Re8 8. d5 Bf8 9. b4 a5 10. bxa5 Nc5 11. a4 Ncxe4 12. Nxe4 Nxe4 13. Qe1 f5 14. Ng5 Nxg5 0-1


[Site "https://www.chess.com"]

[Event "Titled Tuesday Blitz December 7 2021"]
[White "Bayasgalan, Khishigbaatar"]
[Black "Manukyan, Sargis A."]
[WhiteFideId "4904311"]
[BlackFideId "13303970"]
[WhiteElo "1624"]
[BlackElo "2187"]
[Result "1-0"]
[Round "02"]
[TimeControl "180+1"]
[Date "2021.12.07"]
[WhiteClock "0:00:50"]
[BlackClock "0:00:29"]

1. d4 d5 2. c4 e6 3. e3 Nf6 4. Nc3 Be7 5. Bd3 O-O 6. Nf3 dxc4 7. Bxc4 b6 8. O-O Bb7 9. b3 Nbd7 10. Ne5 Nxe5 11. dxe5 Qxd1 12. Rxd1 Ne4 13. Nxe4 Bxe4 14. f3 Bc6 15. a4 a5 16. Ba3 Bxa3 17. Rxa3 Rfd8 18. Raa1 Kf8 19. Kf2 Ke7 20. Rd4 Rxd4 21. exd4 Rd8 22. Ke3 Bd5 23. Rc1 Bxc4 24. Rxc4 Kd7 25. f4 g6 26. Kf3 h5 27. Kg3 c6 28. Kh4 b5 29. axb5 cxb5 30. Rc5 Rb8 31. h3 a4 32. bxa4 b4 33. Rc2 b3 34. Rb2 Rb4 35. Kg5 Kc6 36. Kf6 Kd5 37. Kxf7 Kxd4 38. Kxe6 Kc3 39. Rb1 Rxa4 40. g3 Kc2 41. Rf1 h4 42. gxh4 b2 43. Rf2+ Kb3 44. Rxb2+ Kxb2 45. h5 gxh5 46. f5 Kc3 47. f6 Kd4 48. f7 Ra6+ 49. Kf5 Ra1 50. e6 Rf1+ 51. Kg6 Rg1+ 52. Kxh5 Rf1 53. e7 Rxf7 54. e8=Q Rf5+ 55. Kg4 Re5 56. Qd7+ Rd5 57. Qe6 Re5 58. Qf6 Kd5 59. h4 Re4+ 60. Kg5 Re5+ 61. Qxe5+ Kxe5 62. h5 Ke6 63. Kg6 Ke7 64. h6 Kf8 65. h7 1-0


[Site "https://www.chess.com"]